 Dungeon Crawl Stone Soup version 0.31-a0-965-g8a8ce12e04 (webtiles) character file.

Game seed: 14165512004627906575

17612 LeprechaunX the Mimic (level 12, -10/59 HPs)
             Began as an Octopode Shapeshifter on Oct 26, 2023.
             Was an Elder of Hepliaklqana.
             Hit by a javelin thrown by a minotaur (33 damage)
             ... in a Gauntlet.
             The game lasted 00:33:38 (13011 turns).

LeprechaunX the Mimic (Octopode Shapeshifter)      Turns: 13011, Time: 00:33:39

Health: -10/59     AC:  5    Str: 15      XL:     12   Next: 49%
Magic:  15/15      EV: 18    Int:  8 (12) God:    Hepliaklqana [****..]
Gold:   2449       SH:  6    Dex: 18      Spells: 18/21 levels left

rFire   + +          .
                       - Unarmed
rCold   x . .        O - +0 buckler
rNeg    . . .        (helmet currently unavailable)
rPois   .            (no amulet)
rElec   .            o - ring of resist corrosion
rCorr   +            s - +5 ring of evasion
SInv    .            t - +4 ring of protection
Will    .....        F - ring of fire
Stlth   +++          P - ring "Laidgh" {rF+ Dex+3}
HPRegen 0.29/turn    (no ring)
MPRegen 0.14/turn    (no ring)
                     (no ring)

%: no teleportation
@: beast-form
A: beast (slay +4), reduced essence, almost no armour, amphibious, 8 rings,
camouflage 1, gelatinous body 1, (nimble swimmer 1), tentacles, [deterioration
2], [frail 2], [low MP 2], ([teleportitis 2])
a: Begin Untransformation, Renounce Religion, Recall Ancestor, Ancestor
Identity, Transference, Idealise


You were in a Gauntlet.
You worshipped Hepliaklqana.
Hepliaklqana was greatly pleased with you.
You were a hulking beast.
You visited 1 branch of the dungeon, and saw 12 of its levels.
You also visited: Sewer and Gauntlet.

You collected 2449 gold pieces.

Inventory:

Hand Weapons
 a - a +4 sling of electrocution
 Q - a +4 arbalest of freezing
Missiles
 k - 6 javelins
 y - 2 throwing nets
Armour
 p - a +0 tower shield
 K - a +0 kite shield
 O - a +0 buckler (worn)
Jewellery
 o - a ring of resist corrosion (left tentacle)
 s - a +5 ring of evasion (right tentacle)
 t - a +4 ring of protection (on tentacle)
 F - a ring of fire (on tentacle)
 P - the ring "Laidgh" (on tentacle) {rF+ Dex+3}
   (You found it in a Gauntlet)

   [ring of protection from fire]

   Dex+3:     It affects your dexterity (+3).
   rF+:       It protects you from fire.
Talismans
 b - a beast talisman
 c - a flux talisman
 m - a dragon-blood talisman
 R - a talisman of death
Wands
 N - a wand of charming (8)
Scrolls
 j - 3 scrolls of revelation
 l - 5 scrolls of fog
 n - 2 scrolls of poison
 u - a scroll of torment
 x - a scroll of identify
 z - 6 scrolls of teleportation
 A - a scroll of summoning
 B - a scroll of enchant weapon {unknown}
 D - a scroll of blinking
 E - 2 scrolls of fear {unknown}
 I - a scroll of silence {unknown}
 J - 2 scrolls of amnesia {unknown}
 L - a scroll of immolation {unknown}
 M - a scroll of noise
Potions
 d - 3 potions of brilliance
 e - 3 potions of degeneration
 f - 8 potions of curing
 g - 2 potions of lignification
 h - a potion of invisibility
 i - a potion of might {unknown}
 q - 3 potions of haste
 r - 2 potions of enlightenment {unknown}
 v - 3 potions of heal wounds
 w - 2 potions of attraction {unknown}
 C - a potion of berserk rage {unknown}
 G - 3 potions of mutation
 H - 2 potions of cancellation {unknown}


   Skills:
 + Level 9.0 Fighting
 - Level 6.5 Ranged Weapons
 - Level 2.0 Dodging
 - Level 5.2 Shields
 - Level 6.1 Unarmed Combat
 - Level 5.0 Spellcasting
 - Level 6.0 Ice Magic
 + Level 3.3 Evocations
 * Level 11.7 Shapeshifting


You had 18 spell levels left.
You knew the following spells:

 Your Spells              Type           Power      Damage    Failure   Level
a - Ozocubu's Armour      Ice            11%        N/A       9%          3

Your spell library contained the following spells:

 Spells                   Type           Power      Damage    Failure   Level
 Freeze                   Ice            44%        1d6       2%          1
 Frozen Ramparts          Ice            22%        1d4       9%          3
 Hailstorm                Conj/Ice       6%         3d4       28%         3
 Kiss of Death            Conj/Necr      8%         2d6       32%         1
 Static Discharge         Conj/Air       4%         3-4/arc   45%         2
 Confusing Touch          Hex            2%         N/A       69%         3
 Volatile Blastmotes      Fire/Tloc      6%         2d10      69%         3
 Metabolic Englaciation   Hex/Ice        3%         N/A       95%         5
 Airstrike                Air            1%         2d(1-17)  97%         4
 Dispel Undead            Necr           2%         3d7       97%         4
 Fulminant Prism          Conj/Hex       1%         3d5       97%         4
 Iskenderun's Mystic Bla  Conj/Tloc      2%         2d3       97%         4
 Summon Lightning Spire   Summ/Air       2%         N/A       97%         4
 Simulacrum               Ice/Necr       3%         N/A       100%        6


Dungeon Overview and Level Annotations

Branches:
Dungeon (12/15)            Temple (0/1) D:7            Lair (0/5) D:10
    Orc (0/2) D:10          Sewer (visited)         Gauntlet (1/1)

Altars:
Cheibriados
Fedhas
Hepliaklqana
Kikubaaqudgha
Makhleb
Nemelex Xobeh
Qazlal
Uskayaw
Yredelemnul
Zin

Shops:
D:3 :   D:11 *

Annotations:
D:3 1 runed translucent door, Crazy Yiuf
D:5 2 transporters, Zonian's ghost, amateur DECj Gauntlet 6 transporters


Innate Abilities, Weirdness & Mutations

You are a hulking beast.
Your limbs bulge with bestial killing power. (Slay +4)
Your life essence is reduced to manifest your ancestor. (-10% HP)
You cannot wear most types of armour.
You are amphibious.
You can wear up to eight rings at the same time.
Your skin changes colour to match your surroundings (Stealth+).
Your rubbery body absorbs attacks. (AC +1, EV +1)
((You are camouflaged when in or above water. (Stealth+)))
You have tentacles for arms and can constrict up to eight enemies at once.
[Your body often deteriorates upon taking damage.]
[You are very frail. (-20% HP)]
[Your magical capacity is very low. (-20% MP)]
[((You are often teleported next to monsters.))]


Message History

Your +4 sling of electrocution stops crackling.
You are now empty-tentacled.
The minotaur bellows!
You tentacle-slap the minotaur but do no damage.
You grab the minotaur.
The minotaur is heavily wounded.
You constrict the minotaur, but do no damage.
The minotaur hits you with a +1 falchion of holy wrath!
Your body deteriorates!
You feel dopey. The minotaur barely misses you.
You tentacle-slap the minotaur.
The minotaur is heavily wounded.
You constrict the minotaur, but do no damage.
The minotaur barely misses you. You block the minotaur's attack.
Unknown command.
You bludgeon the minotaur!
The minotaur is heavily wounded.
You constrict the minotaur, but do no damage.
The minotaur hits you with a +1 falchion of holy wrath!!
Your body deteriorates!
You feel dopey. You block the minotaur's attack.
You tentacle-slap the minotaur but do no damage.
The minotaur is heavily wounded.
You constrict the minotaur. The minotaur misses you.
You block the minotaur's attack.
You fade into invisibility!
You constrict the minotaur.
The minotaur hits you with a +1 falchion of holy wrath.
The minotaur misses you.
You release your grip on the minotaur.
There is an open door here.
You flicker for a moment.
There is an open door here.
You now have 2449 gold pieces (gained 37).
You flicker back into view.
The minotaur throws a javelin.
The javelin barely misses you.
There is an open door here.
The minotaur throws a javelin.
The javelin pierces through you!!
Ouch! That really hurt!
You die...

#####.###.###.#####
###.###.###.###
#.H...H.......#
#.###.###H###.#
#.............#
#######'#######
###H## #.∩..###
#...⌠'h# #.'⌠...###
###..⌠.# ###+##


You could see a minotaur.

Vanquished Creatures
  2 slime creatures (D:12)
  4 elephants (Gauntlet)
  A torpor snail (Gauntlet)
  A minotaur zombie (Gauntlet)
  An unseen horror (D:10)
  A tengu conjurer (D:10)
  A polar bear (D:10)
  14 yaks
  3 chaos spawn (D:10)
  2 neqoxecs (D:10)
  2 steam dragons
  A water moccasin (D:7)
  An acid dragon (D:9)
  An orc warrior (D:9)
  2 ice beasts
  A sky beast (D:7)
  6 centaurs
  An ogre (D:4)
  A bullfrog (Sewer)
  3 necrophages (D:5)
  A gnoll sergeant (D:8)
  3 scorpions
  A water moccasin zombie (D:5)
  6 wights
  A killer bee (D:9)
  7 howler monkeys
  A bullfrog zombie (D:5)
  A centaur zombie (D:5)
  5 crimson imps (D:11)
  3 hounds
  A jelly (D:5)
  A sleepcap (D:5)
  5 orc priests
  3 iguanas (D:5)
  Jessica (D:2)
  2 scorpion zombies (D:5)
  2 orc wizards (D:9)
  A killer bee zombie (D:7)
  A howler monkey zombie (D:5)
  Robin (D:2)
  12 gnolls
  9 adders
  5 river rats (D:6)
  A shadow imp (D:11)
  3 white imps
  2 worms (D:6)
  2 dart slugs
  26 orcs
  14 ball pythons
  4 bats
  14 endoplasms
  7 giant cockroaches
  15 goblins
  14 hobgoblins
  A jackal (D:4)
  12 kobolds
  9 quokkas
  9 frilled lizards
  10 rats
265 creatures vanquished.

Vanquished Creatures (collateral kills)
  3 two-headed ogres
  A wretched star (Gauntlet)
  An orange demon (D:10)
  A gargoyle (D:11)
  An unseen horror (D:10)
  A rime drake (D:10)
  2 trolls
  A komodo dragon (D:10)
  A red devil (D:10)
  A hornet (D:9)
  A polar bear (D:10)
  A slime creature (D:12)
  A shadow (D:12)
  8 yaks
  A wyvern (D:9)
  3 steam dragons
  A chaos spawn (D:10)
  An ice beast (D:6)
  An orc warrior (D:9)
  A sky beast (D:6)
  2 wolves (D:10)
  3 kobold brigands
  2 bullfrogs
  2 wights
  2 killer bees (D:9)
  A howler monkey (D:7)
  3 crimson imps (D:11)
  A human zombie (D:5)
  An orc priest (D:7)
  A scorpion zombie (D:5)
  An orc wizard (D:7)
  2 gnolls
  An adder (Sewer)
  6 orcs
  A ball python (Sewer)
  An endoplasm (Sewer)
  A giant cockroach (Sewer)
  2 quokkas (Sewer)
  4 frilled lizards (Sewer)
  5 kobolds
74 creatures vanquished.

Vanquished Creatures (others)
  9 battlemagi
  4 ancestors
13 creatures vanquished.

Grand Total: 352 creatures vanquished

Notes
Turn   | Place    | Note
-------+----------+-------------------------------------------
     0 | D:1      | LeprechaunX the Octopode Shapeshifter began the quest for
                  | the Orb.
     0 | D:1      | Reached XP level 1. HP: 13/13 MP: 1/1
   104 | D:1      | Reached XP level 2. HP: 18/18 MP: 2/2
   465 | D:1      | Reached XP level 3. HP: 22/23 MP: 3/3
   970 | D:2      | Noticed Jessica
   976 | D:2      | Killed Jessica
   977 | D:2      | Reached XP level 4. HP: 19/29 MP: 4/4
  1326 | D:2      | Reached skill level 4 in Shapeshifting
  1354 | D:2      | Noticed Robin
  1587 | D:2      | Killed Robin
  1687 | D:3      | Reached XP level 5. HP: 29/35 MP: 5/5
  1757 | D:3      | Learned a level 3 spell: Ozocubu's Armour
  1806 | D:3      | Found a hazy altar of Hepliaklqana.
  1806 | D:3      | Found a snail-covered altar of Cheibriados.
  2102 | D:3      | Found a runed translucent door.
  2103 | D:3      | Noticed Crazy Yiuf
  2290 | D:3      | Found a faded altar of an unknown god.
  2294 | D:3      | Found a hide-covered altar of Uskayaw.
  2342 | D:3      | Found a blossoming altar of Fedhas.
  2501 | D:3      | Found Hihuot's Book Shop.
  2657 | D:3      | Became a worshipper of Hepliaklqana the Forgotten
  2782 | D:4      | Found a sparkling altar of Nemelex Xobeh.
  2917 | D:4      | Found a burning altar of Makhleb.
  2973 | D:4      | Found a glowing silver altar of Zin.
  3089 | D:4      | Found a stormy altar of Qazlal.
  3174 | D:4      | Noticed an ogre
  3194 | D:4      | Killed an ogre
  3195 | D:4      | Reached skill level 1 in Ice Magic
  3195 | D:4      | Reached XP level 6. HP: 41/41 MP: 5/7
  3242 | D:4      | Noticed a steam dragon
  3294 | D:5      | Entered Level 5 of the Dungeon
  3313 | D:5      | Reached skill level 1 in Spellcasting
  3458 | D:5      | Reached skill level 5 in Shapeshifting
  3521 | D:5      | Reached * piety under Hepliaklqana
  3545 | D:5      | Reached XP level 7. HP: 41/41 MP: 9/9
  4279 | D:5      | Noticed Zonian's ghost (amateur DECj)
  4291 | D:5      | Found a transporter.
  4296 | D:5      | Found a transporter.
  4361 | D:5      | Reached XP level 8. HP: 43/48 MP: 11/11
  4385 | D:5      | Reached skill level 5 in Unarmed Combat
  4385 | D:5      | Reached skill level 6 in Shapeshifting
  4454 | D:5      | Found a basalt altar of Yredelemnul.
  5465 | D:6      | Reached XP level 9. HP: 54/54 MP: 13/13
  5579 | D:6      | Found a glowing drain.
  5583 | Sewer    | Entered a sewer
  5683 | Sewer    | Reached ** piety under Hepliaklqana
  5684 | Sewer    | Remembered your ancestor Amyrtaeus as a battlemage
  5760 | Sewer    | Reached skill level 7 in Shapeshifting
  5905 | D:6      | Reached skill level 5 in Fighting
  6079 | D:6      | Reached skill level 1 in Ranged Weapons
  6159 | D:6      | Found an ancient bone altar of Kikubaaqudgha.
  6251 | D:7      | Found a staircase to the Ecumenical Temple.
  7166 | D:7      | Reached skill level 8 in Shapeshifting
  7414 | D:8      | Noticed a two-headed ogre
  7417 | D:8      | Reached XP level 10. HP: 61/61 MP: 16/16
  7422 | D:8      | Killed a two-headed ogre
  7423 | D:8      | Reached skill level 5 in Ice Magic
  8090 | D:8      | Reached *** piety under Hepliaklqana
  8583 | D:9      | Reached skill level 5 in Spellcasting
  8662 | D:9      | Reached skill level 1 in Shields
  8849 | D:9      | Reached skill level 9 in Shapeshifting
  8985 | D:9      | Reached XP level 11. HP: 35/66 MP: 18/18
  9283 | D:9      | Reached skill level 5 in Ranged Weapons
  9712 | D:9      | Reached **** piety under Hepliaklqana
  9859 | D:10     | Entered Level 10 of the Dungeon
  9880 | D:10     | Reached skill level 10 in Shapeshifting
  9885 | D:10     | Noticed a two-headed ogre
  9893 | D:10     | Killed a two-headed ogre
  9940 | D:10     | Found a staircase to the Lair.
 10295 | D:10     | Found a staircase to the Orcish Mines.
 10901 | D:10     | Noticed a two-headed ogre
 10905 | D:10     | Killed a two-headed ogre
 10942 | D:10     | Reached skill level 5 in Shields
 10942 | D:10     | Reached XP level 12. HP: 74/74 MP: 19/19
 11091 | D:11     | Identified a scroll of acquirement
 11094 | D:11     | Acquired 1037 gold pieces
 11149 | D:11     | Reached skill level 11 in Shapeshifting
 11279 | D:11     | Identified the +4 flail of Joyful Slaughter {heavy, Int+3}
 11599 | D:11     | Found Qeibboif's Demolitions Depot.
 11743 | D:11     | Reached skill level 1 in Evocations
 12024 | D:12     | Found a gate leading to a gauntlet.
 12028 | Gauntlet | Entered a Gauntlet
 12028 | Gauntlet | Found a transporter.
 12028 | Gauntlet | Found a transporter.
 12151 | Gauntlet | Found a transporter.
 12151 | Gauntlet | Found a transporter.
 12171 | Gauntlet | Found a transporter.
 12180 | Gauntlet | Found a transporter.
 12183 | Gauntlet | Found a transporter.
 12188 | Gauntlet | Noticed a great orb of eyes
 12195 | Gauntlet | Found a transporter.
 12208 | Gauntlet | Noticed a wretched star
 12211 | Gauntlet | Found a transporter.
 12225 | Gauntlet | Found a transporter.
 12229 | Gauntlet | Found a transporter.
 12237 | Gauntlet | Found a transporter.
 12301 | Gauntlet | Identified the ring "Laidgh" {rF+ Dex+3}
 12758 | Gauntlet | Acquired 556 gold pieces
 12774 | Gauntlet | Killed a wretched star
 12805 | Gauntlet | Noticed a minotaur
 13011 | Gauntlet | Hit by a javelin thrown by a minotaur

Illustrated notes

Levels and vault maps discovered:
D:1:      dpeg_arrival_round_c, layout_loops_corners
D:2:      layout_rooms, uniq_jessica, uniq_robin
D:3:      layout_basic, fedhas_ov_isle_minmay,
          nicolae_overflow_ecumenical_swirl, jmf_multi_god_temple, serial_shops,
          shop_fountains, kennysheep_crisscross, corexii_hall_statues_x,
          minmay_hedge_maze, nicolae_twisty_statue_hallways,
          uniq_crazy_yiuf_cottage
D:4:      minmay_chambers_of_fours, layout_rooms, amcnicky_altar_gilded,
          general_overflow_altar, mainiacjoe_overflow_concentric_impassable,
          mainiacjoe_overflow_alcove_4, kennysheep_doodads
D:5:      layout_basic, lemuel_mausoleum_altar_yredelemnul,
          gammafunk_ghost_hive, chequers_serial_rivers_small_b
D:6:      layout_basic, mainiacjoe_overflow_catwalk, lightli_sewer_entry_pipes
D:7:      layout_loops_ring, minmay_temple_entry_gardened_gates, serial_undead,
          serial_undead_b, serial_undead_f, serial_undead_b, serial_undead_e
D:8:      layout_rooms
D:9:      kennysheep_steamy, layout_gridville
D:10:     layout_roguey, hellmonk_lair_entry_icy, orc_0_dummy,
          nicolae_neqoxec_dot_bat
D:11:     layout_irregular_city, nicolae_blasting_shop, minmay_nine_imps
D:12:     layout_basic, serial_rivers, chequers_serial_rivers_small_b,
          chequers_serial_rivers_micro_e, chequers_serial_rivers_micro_a,
          chequers_serial_rivers_micro_a, chequers_serial_rivers_large_a,
          gauntlet_entry_generic, ebering_ghost_xom
Gauntlet: minmay_gauntlet_77_indecision [minmay_gauntlet_arena_77_broken_ladder,
          minmay_gauntlet_arena_77_radiant_squares,
          minmay_gauntlet_arena_77_braids, minmay_gauntlet_arena_77_fan,
          minmay_gauntlet_arena_77_mess, minmay_gauntlet_arena_77_museum,
          gauntlet_exit_hidden_loot]

Skill      XL: |  1  2  3  4  5  6  7  8  9 10 11 12 |
---------------+-------------------------------------+-----
Fighting       | 2 3 4 5 6 8 9 |  9.0
Shapeshifting  | 4 5 6 8 9 10 11 | 11.7
Unarmed Combat | 4 5 6 |  6.1
Ice Magic      | 1 2 3 4 6 |  6.0
Spellcasting   | 1 2 3 4 5 |  5.0
Ranged Weapons | 2 4 6 |  6.5
Shields        | 2 5 |  5.2
Evocations     | 3 |  3.3
Dodging        | |  2.0

Action                     |  1- 3 |  4- 6 |  7- 9 | 10-12 || total
---------------------------+-------+-------+-------+-------++-------
  Melee: Unarmed           |    43 |   146 |   219 |   269 ||   677
         Constrict         |    12 |    38 |    55 |    22 ||   127
         Tentacles         |     8 |    34 |    67 |    68 ||   177
         Punch             |       |     4 |    17 |    18 ||    39
   Fire: Sling             |       |       |    33 |   150 ||   183
   Cast: Ozocubu's Armour  |       |       |       |     3 ||     3
 Invoke: Ancestor Life: Ba |       |       |     1 |       ||     1
    Use: Potion            |       |       |       |     6 ||     6
         Scroll            |       |       |       |    16 ||    16
   Stab: Sleeping          |     9 |     9 |    11 |       ||    29
         Distracted        |       |       |     3 |     6 ||     9
         Invisible         |       |       |       |     3 ||     3
 Armour: Skin              |    12 |    48 |    92 |   153 ||   305
  Dodge: Dodged            |    25 |    81 |   167 |   183 ||   456
  Block: Kite shield       |       |       |       |    42 ||    42
         Buckler           |       |       |       |    25 ||    25

Table legend: (Time is in decaauts)
 A = Elapsed time spent in this place.
 B = Non-inter-level travel time spent in this place.
 C = Inter-level travel time spent in this place.
 D = Time resting spent in this place.
 E = Time spent auto-exploring this place.
 F = Levels seen in this place.
 G = Mean time per level.
                   A        B        C        D        E       F      G
               +--------+--------+--------+--------+--------+-----+--------+
         Total |  13032 |  12364 |    668 |   1633 |   7812 |  14 |  930.9 |
       Dungeon |  11796 |  11128 |    668 |   1056 |   7708 |  12 |  983.0 |
         Sewer |    241 |    241 |      0 |      0 |    104 |   1 |  241.0 |
      Gauntlet |    994 |    994 |      0 |    576 |      0 |   1 |  994.0 |
               +--------+--------+--------+--------+--------+-----+--------+

Top non-repeatable levels by time:
     D:9: 1555 daAuts
     D:5: 1506 daAuts
     D:7: 1368 daAuts
    D:10: 1185 daAuts
     D:4: 1100 daAuts
     D:3: 1057 daAuts
Gauntlet: 994 daAuts
     D:1: 967 daAuts
    D:11: 790 daAuts
     D:6: 767 daAuts
     D:2: 706 daAuts
     D:8: 600 daAuts
   Sewer: 241 daAuts
    D:12: 191 daAuts
